[Event "Titled Tuesday Blitz April 05 Early 2022"]
[White "Shukhman, Anna"]
[Black "Bachmann, Axel"]
[WhiteFideId "54180058"]
[BlackFideId "3700488"]
[WhiteElo "1665"]
[BlackElo "2587"]
[Result "1/2-1/2"]
[Round "05"]
[TimeControl "180+1"]
[Date "2022.04.05"]
[WhiteClock "0:00:12"]
[BlackClock "0:00:02"]

1. e4 c5 2. Nf3 d6 3. d4 cxd4 4. Nxd4 Nf6 5. Nc3 a6 6. Qd3 e5 7. Nf5 Bxf5 8. exf5 Nc6 9. Bg5 Be7 10. g3 Nb4 11. Qd2 d5 12. a3 d4 13. axb4 Bxb4 14. Ra4 Qb6 15. Bb5+ Qxb5 16. Nxb5 Bxd2+ 17. Bxd2 Kd7 18. Na3 b5 19. Ra5 Ne4 20. f3 Nc5 21. Nb1 Na4 22. b3 Nb6 23. O-O f6 24. Na3 Rhc8 25. Ra1 Kc6 26. Nb1 Kb7 27. R5a2 Rc6 28. Kf2 Nd5 29. Ke2 Rac8 30. Kd3 g6 31. g4 gxf5 32. gxf5 Ne7 33. Bb4 Nxf5 34. Nd2 Ne3 35. Ne4 Nxc2 36. Rxc2 Rxc2 37. Nd6+ Kb6 38. Nxc8+ Rxc8 39. Rg1 Rc6 40. Rg7 a5 41. Bd2 b4 42. Rxh7 Kb5 43. Rb7+ Ka6 44. Rb8 Re6 45. h4 f5 46. Rf8 e4+ 47. fxe4 fxe4+ 48. Kxd4 Kb5 49. Rf5+ Kb6 50. h5 Ka6 51. h6 Rd6+ 52. Ke3 Rxh6 53. Kxe4 Rh3 54. Be3 Rh4+ 55. Kd3 Rh3 56. Rf6+ Kb7 57. Rf7+ Kc6 58. Rf6+ Kb7 59. Rf5 Ka6 60. Rf6+ Kb7 1/2-1/2


[Site "https://www.chess.com"]

[Event "Titled Tuesday Blitz April 05 Early 2022"]
[White "Siva Mahadevan"]
[Black "Shandrygin, Nikita"]
[WhiteFideId "25043153"]
[BlackFideId "24198668"]
[WhiteElo "2203"]
[BlackElo "2323"]
[Result "1-0"]
[Round "05"]
[TimeControl "180+1"]
[Date "2022.04.05"]
[WhiteClock "0:02:08"]
[BlackClock "0:00:01"]

1. e4 c5 2. Nf3 e6 3. d4 cxd4 4. Nxd4 Nf6 5. Nc3 Nc6 6. Ndb5 Bb4 7. a3 Bxc3+ 8. Nxc3 d5 9. exd5 Nxd5 10. Nxd5 Qxd5 11. Qxd5 exd5 12. Be3 d4 13. Bf4 Bf5 14. O-O-O O-O 15. Bd3 Bxd3 16. Rxd3 Rfe8 17. Rhd1 Re2 18. R3d2 Rae8 19. Bg3 f5 20. b4 a6 21. Bd6 Kf7 22. Bc5 Rxd2 23. Kxd2 Ne5 24. Kc1 d3 25. cxd3 Nd7 26. Bd4 Re2 27. Rd2 Rxd2 28. Kxd2 g6 29. Ke3 Ke6 30. f3 g5 31. g4 Nf8 32. Bg7 Ng6 33. Kd4 Nf4 34. Kc4 1-0


[Site "https://www.chess.com"]

[Event "Titled Tuesday Blitz April 05 Early 2022"]
[White "Sovetbekova, Nurai"]
[Black "Girinath, P.D.S."]
[WhiteFideId "13801910"]
[BlackFideId "5000572"]
[WhiteElo "1538"]
[BlackElo "2369"]
[Result "0-1"]
[Round "05"]
[TimeControl "180+1"]
[Date "2022.04.05"]
[WhiteClock "0:00:29"]
[BlackClock "0:01:24"]

1. d4 Nf6 2. c4 g6 3. g3 Bg7 4. Bg2 O-O 5. Nf3 d6 6. O-O Nc6 7. Nc3 e5 8. dxe5 Nxe5 9. Nxe5 dxe5 10. Bg5 Qxd1 11. Raxd1 h6 12. Bxf6 Bxf6 13. Nd5 Bd8 14. Rd2 c6 15. Nc3 f5 16. Rfd1 Be7 17. e3 Be6 18. Bf1 Kf7 19. f4 e4 20. Kf2 Rfd8 21. g4 Bh4+ 22. Kg2 Rxd2+ 23. Rxd2 Rd8 24. Rxd8 Bxd8 25. gxf5 gxf5 26. b3 Ke7 27. Kf2 Kd6 28. Bh3 Bf6 29. Na4 b5 30. cxb5 cxb5 0-1


[Site "https://www.chess.com"]

[Event "Titled Tuesday Blitz April 05 Early 2022"]
[White "Srebrnic, Marko"]
[Black "Le Ruyet, Leopold"]
[WhiteFideId "14603616"]
[BlackFideId "645923"]
[WhiteElo "2340"]
[BlackElo "2276"]
[Result "1/2-1/2"]
[Round "05"]
[TimeControl "180+1"]
[Date "2022.04.05"]
[WhiteClock "0:00:08"]
[BlackClock "0:00:05"]

1. e4 e5 2. Nc3 Nf6 3. Bc4 Nxe4 4. Qh5 Nd6 5. Qxe5+ Qe7 6. Qxe7+ Bxe7 7. Bb3 c6 8. d4 Nf5 9. d5 Nd4 10. Nge2 Nxb3 11. axb3 Na6 12. Bf4 Nb4 13. O-O-O O-O 14. d6 Bf6 15. Ne4 Bd8 16. N2c3 b6 17. Rhe1 Bb7 18. f3 f5 19. Ng3 g6 20. Bh6 Bf6 21. Bxf8 Kxf8 22. Re2 Ba6 23. Rde1 Bxe2 24. Rxe2 Na6 25. Kd1 Nc5 26. f4 Ne6 27. Rf2 Bd4 28. Rf3 Bc5 29. Nge2 Bxd6 30. g3 Be7 31. Re3 Kf7 32. Ng1 Bc5 33. Re1 d6 34. Nf3 Re8 35. Ne2 h6 36. c3 b5 37. b4 Bf2 38. Rf1 Bb6 39. h4 Nc7 40. Ned4 Nd5 41. Kc1 Ne7 42. Re1 a6 43. b3 c5 44. bxc5 Bxc5 45. Kb2 b4 46. c4 Bb6 47. Kc2 Ng8 48. Rxe8 Kxe8 49. Kd3 Nf6 50. Nc6 Bc5 51. Nd2 Nh5 52. Nf1 Bf2 53. Nxb4 Nxg3 54. Nd2 Be1 55. Nxa6 Nh5 56. Nf3 Nxf4+ 57. Ke3 Bg3 58. b4 Kd7 59. b5 Ng2+ 60. Ke2 Nxh4 61. Nd4 Be5 62. Nc6 Ng2 63. Na7 Bd4 64. Nc6 Bc5 65. Ncb8+ Kc8 66. Nc6 Nf4+ 67. Kd2 Ne6 68. Ne7+ Kb7 69. Nxg6 Kb6 70. Ne7 Nd4 71. Nd5+ Ka5 72. Kd3 Nb3 73. Nac7 Na1 74. Ne6 Nb3 75. Ne7 Bb4 76. Nxf5 Ka4 77. Nc7 Nc5+ 78. Ke2 Kb3 79. Nxd6 Kc3 80. Nd5+ Kb3 81. Nxb4 Kxb4 82. b6 Ka5 83. b7 Nxb7 84. Nxb7+ Kb4 85. c5 Kb5 86. Kd3 Kc6 87. Nd6 Kxc5 88. Nf5 Kd5 89. Nxh6 1/2-1/2


[Site "https://www.chess.com"]

[Event "Titled Tuesday Blitz April 05 Early 2022"]
[White "Stanisz, Patryk"]
[Black "Nguyen Hong Nhung"]
[WhiteFideId "1123106"]
[BlackFideId "12412201"]
[WhiteElo "1833"]
[BlackElo "1758"]
[Result "0-1"]
[Round "05"]
[TimeControl "180+1"]
[Date "2022.04.05"]
[WhiteClock "0:00:05"]
[BlackClock "0:00:11"]

1. c4 f5 2. g3 Nf6 3. Bg2 g6 4. Nf3 Bg7 5. O-O O-O 6. d3 d6 7. Nc3 e5 8. Rb1 Nc6 9. b4 h6 10. b5 Ne7 11. a4 Be6 12. a5 g5 13. a6 bxa6 14. bxa6 Rb8 15. Rb7 Rxb7 16. axb7 c6 17. Ba3 Qc7 18. Qa4 Rb8 19. Rb1 Rxb7 20. Rxb7 Qxb7 21. Bxd6 e4 22. Ne5 Nc8 23. Ba3 Nd7 24. Nxd7 Qxd7 25. Qc2 Qd4 26. Bb2 e3 27. f3 f4 28. Na4 Qd6 29. Bxg7 Kxg7 30. Qc3+ Kg8 31. gxf4 gxf4 32. d4 Ne7 33. Nc5 Bf7 34. Ne4 Qe6 35. d5 cxd5 36. cxd5 Nxd5 37. Qc5 a6 38. Qa7 Kg7 39. Qb8 Qg6 40. Kf1 Qb6 41. Qe5+ Kg8 42. Bh3 a5 43. Bd7 Qc7 44. Nf6+ Kf8 45. Nh7+ Kg8 46. Nf6+ Kh8 47. Qf5 Qc1+ 48. Kg2 Nxf6 49. Qxf6+ Kg8 50. Be6 Qc7 51. Bxf7+ Qxf7 52. Qd8+ Qf8 53. Qxa5 Qg7+ 54. Kf1 Qg5 55. Qd8+ Kg7 56. Qxg5+ hxg5 57. Kg2 Kg6 58. Kh3 Kh5 59. Kg2 Kh4 60. h3 Kh5 61. Kh2 Kg6 62. Kg2 Kf5 63. Kf1 Ke5 64. Ke1 Kd4 65. Kd1 Kc3 66. Kc1 Kb3 67. Kb1 Kb4 68. Kb2 Kc4 69. Kc2 Kb4 70. Kd3 Kb3 71. Ke4 Kc2 72. h4 gxh4 73. Kxf4 Kd2 74. Kg4 Kxe2 75. f4 Kd2 76. f5 e2 77. f6 e1=Q 78. f7 Qf1 79. Kxh4 Qxf7 0-1


[Site "https://www.chess.com"]

[Event "Titled Tuesday Blitz April 05 Early 2022"]
[White "Stromboli, Ettore"]
[Black "Hernandez Jimenez, Alexander Andres"]
[WhiteFideId "813761"]
[BlackFideId "3900452"]
[WhiteElo "2414"]
[BlackElo "2098"]
[Result "0-1"]
[Round "05"]
[TimeControl "180+1"]
[Date "2022.04.05"]
[WhiteClock "0:00:09"]
[BlackClock "0:00:51"]

1. e4 c5 2. Nf3 d6 3. d4 cxd4 4. Nxd4 Nf6 5. f3 e5 6. Bb5+ Bd7 7. Bxd7+ Qxd7 8. Nf5 d5 9. Bg5 dxe4 10. Bxf6 Qxd1+ 11. Kxd1 gxf6 12. fxe4 Nc6 13. Ke2 Rd8 14. c3 Bc5 15. Nd2 Rg8 16. g3 Ne7 17. Rhf1 Nxf5 18. Rxf5 Ke7 19. Raf1 Rd6 20. Nc4 Ra6 21. a3 b5 22. Nd2 Rd8 23. Nb3 Rc8 24. Rh5 Rd6 25. Rxh7 Bb6 26. Rd1 Rxd1 27. Kxd1 a5 28. Ke2 a4 29. Nd2 Rg8 30. Rh5 Rg5 31. Rxg5 fxg5 32. h4 Kf6 33. h5 g4 34. c4 bxc4 35. Nxc4 Bd4 36. Kd3 Kg5 37. b3 axb3 38. a4 Bf2 39. a5 Bxg3 40. a6 Bf2 41. Ne3 b2 42. Kc2 Bxe3 43. h6 Kxh6 44. Kxb2 g3 0-1


[Site "https://www.chess.com"]

[Event "Titled Tuesday Blitz April 05 Early 2022"]
[White "Sychev, Klementy"]
[Black "Cori T., Deysi"]
[WhiteFideId "4114060"]
[BlackFideId "3801934"]
[WhiteElo "2564"]
[BlackElo "2341"]
[Result "0-1"]
[Round "05"]
[TimeControl "180+1"]
[Date "2022.04.05"]
[WhiteClock "0:01:06"]
[BlackClock "0:00:15"]

1. d4 f5 2. e4 fxe4 3. Nc3 d5 4. Qh5+ g6 5. Qxd5 Nf6 6. Qxd8+ Kxd8 7. Bf4 c6 8. O-O-O Bg7 9. d5 c5 10. Nb5 Na6 11. Bc4 Bd7 12. d6 e6 13. Nc7 Nxc7 14. dxc7+ Kc8 15. Nh3 b5 16. Rxd7 Nxd7 17. Bxe6 Re8 18. Bd5 Nb6 19. Bc6 Re6 20. Bxa8 Nxa8 21. Ng5 Ra6 22. a4 Nxc7 23. Kb1 Nd5 24. Bd2 bxa4 25. Ka2 Rb6 26. Rb1 Nb4+ 27. Bxb4 cxb4 28. Nxe4 b3+ 29. cxb3 axb3+ 30. Ka3 Bf8+ 31. Ka4 Rb4+ 32. Ka5 Rxe4 33. Kb5 Re2 0-1


[Site "https://www.chess.com"]

[Event "Titled Tuesday Blitz April 05 Early 2022"]
[White "Tan, Jun Ying"]
[Black "Smirnov, Pavel"]
[WhiteFideId "5710413"]
[BlackFideId "4123425"]
[WhiteElo "1827"]
[BlackElo "2539"]
[Result "0-1"]
[Round "05"]
[TimeControl "180+1"]
[Date "2022.04.05"]
[WhiteClock "0:01:18"]
[BlackClock "0:01:34"]

1. d4 Nf6 2. c4 e6 3. Nc3 Bb4 4. e3 O-O 5. Ne2 c6 6. a3 Ba5 7. c5 d5 8. cxd6 Qxd6 9. g3 e5 10. b4 Bc7 11. Bg2 exd4 12. exd4 Be6 13. O-O Qd8 14. Bf4 Nbd7 15. b5 Bxf4 16. Nxf4 Bc4 17. Re1 cxb5 18. Bxb7 Rb8 19. Bg2 a5 20. d5 Nc5 21. d6 Rb6 22. Ncd5 Rxd6 23. Ne7+ Kh8 24. Qb1 Nb3 25. Ra2 Nd2 26. Rxd2 Rxd2 27. Qf5 Rd1 28. Qe5 Rxe1+ 29. Qxe1 Re8 0-1


[Site "https://www.chess.com"]

[Event "Titled Tuesday Blitz April 05 Early 2022"]
[White "Terletsky, Oleg"]
[Black "Bongo Akanga Ndjila, Barthelemy"]
[WhiteFideId "14116774"]
[BlackFideId "10609431"]
[WhiteElo "2064"]
[BlackElo "1768"]
[Result "1-0"]
[Round "05"]
[TimeControl "180+1"]
[Date "2022.04.05"]
[WhiteClock "0:00:59"]
[BlackClock "0:01:33"]

1. e4 c6 2. d4 d5 3. Nc3 dxe4 4. Nxe4 Nf6 5. Nxf6+ gxf6 6. c3 Bf5 7. Nf3 e6 8. g3 Qd5 9. Bg2 Qc4 10. Bf1 Qd5 11. Qe2 Nd7 12. Bg2 Qe4 13. Be3 Qd3 14. Nh4 Qxe2+ 15. Kxe2 Bg6 16. Nxg6 hxg6 17. b4 O-O-O 18. a4 Nb6 19. b5 Kc7 20. h4 Nd5 21. c4 Nxe3 22. fxe3 Bg7 23. a5 f5 24. a6 bxa6 25. Rxa6 cxb5 26. Rxa7+ Kd6 27. c5# 1-0


[Site "https://www.chess.com"]

[Event "Titled Tuesday Blitz April 05 Early 2022"]
[White "Todorovic, Bojan"]
[Black "Hartikainen, Jarmo"]
[WhiteFideId "917087"]
[BlackFideId "503134"]
[WhiteElo "2266"]
[BlackElo "2081"]
[Result "1-0"]
[Round "05"]
[TimeControl "180+1"]
[Date "2022.04.05"]
[WhiteClock "0:00:11"]
[BlackClock "0:00:10"]

1. d4 Nf6 2. Bg5 Ne4 3. Bf4 d5 4. e3 Bf5 5. Bd3 e6 6. Ne2 Bd6 7. O-O Bg6 8. Nd2 Nxd2 9. Qxd2 O-O 10. c4 dxc4 11. Bxc4 Nc6 12. Rfd1 Ne7 13. Bd3 c5 14. dxc5 Bxc5 15. Bxg6 Nxg6 16. Qc3 Qb6 17. Rac1 Rad8 18. Bg3 Be7 19. Nd4 Bf6 20. Bc7 Qa6 21. Bxd8 Rxd8 22. Qb3 h5 23. h3 h4 24. Nf3 Rxd1+ 25. Rxd1 Qe2 26. Rd2 Qa6 27. a3 Qc6 28. Qc2 Qb6 29. Nd4 a6 30. Qc8+ Kh7 31. Qd7 Ne5 32. Qc8 Qa5 33. Qc3 Qxc3 34. bxc3 Nc4 35. Ra2 Be7 36. a4 e5 37. Nf5 Bc5 38. Nxh4 g5 39. Nf3 f6 40. Nd2 Kg6 41. Nxc4 Kf7 42. Na5 b6 43. Nb3 Ke6 44. Nxc5+ bxc5 45. e4 f5 46. Rb2 fxe4 47. c4 e3 48. fxe3 Kf5 49. Kf2 Ke4 50. Ke2 1-0


[Site "https://www.chess.com"]

[Event "Titled Tuesday Blitz April 05 Early 2022"]
[White "Vlassov, Nikolai"]
[Black "Atakhan, Abtin"]
[WhiteFideId "4103360"]
[BlackFideId "22502203"]
[WhiteElo "2407"]
[BlackElo "2094"]
[Result "0-1"]
[Round "05"]
[TimeControl "180+1"]
[Date "2022.04.05"]
[WhiteClock "0:00:33"]
[BlackClock "0:00:19"]

1. e4 c5 2. c3 Nf6 3. e5 Nd5 4. d4 cxd4 5. cxd4 Nc6 6. Nc3 Nxc3 7. bxc3 d6 8. f4 Bf5 9. Nf3 e6 10. Bd3 Bxd3 11. Qxd3 d5 12. f5 Be7 13. O-O exf5 14. Qxf5 Qd7 15. Qh5 Nd8 16. Bg5 Ne6 17. Bxe7 Qxe7 18. Rf2 b6 19. Raf1 O-O 20. h4 Rac8 21. Ng5 Nxg5 22. hxg5 Rxc3 23. Rf4 Qe6 24. Rf6 gxf6 25. gxf6 Rg3 26. Rf4 Qc8 27. Rh4 Qc2 28. Rg4+ Rxg4 29. Qxg4+ Qg6 30. Qd7 Qe4 31. Kh1 h5 32. Qxa7 Kh7 33. Qxb6 Rg8 34. Qb2 h4 35. Kh2 Qf4+ 36. Kh1 h3 37. Qc2+ Qe4 0-1


[Site "https://www.chess.com"]

[Event "Titled Tuesday Blitz April 05 Early 2022"]
[White "Voege, Tobias"]
[Black "Prieto Aranguren, Alain"]
[WhiteFideId "1270513"]
[BlackFideId "2268906"]
[WhiteElo "2297"]
[BlackElo "2235"]
[Result "0-1"]
[Round "05"]
[TimeControl "180+1"]
[Date "2022.04.05"]
[WhiteClock "0:01:05"]
[BlackClock "0:00:46"]

1. c4 c6 2. d4 d5 3. Nc3 Nf6 4. Bg5 e6 5. e3 Nbd7 6. cxd5 exd5 7. Bd3 Qa5 8. Qc2 Bb4 9. Ne2 O-O 10. O-O Re8 11. a3 Bd6 12. b4 Qc7 13. Bf4 Bxf4 14. Nxf4 Qd8 15. b5 cxb5 16. Ncxd5 Nxd5 17. Nxd5 Rf8 18. Bxb5 Nb6 19. Nxb6 Qxb6 20. Rab1 Qh6 21. Be2 Be6 22. Bf3 Rac8 23. Qa4 Bc4 24. Rfc1 b5 25. Qxa7 Rfe8 26. a4 bxa4 27. Qxa4 Be6 28. d5 Bf5 29. e4 Rxc1+ 30. Bd1 Rcc8 31. f3 Qe3+ 32. Kf1 Qd3+ 33. Be2 Qxb1+ 34. Kf2 Qb6+ 35. Kg3 Qg6+ 36. Kf2 Bxe4 37. fxe4 Qxe4 38. Qb5 Qxe2+ 0-1


[Site "https://www.chess.com"]

[Event "Titled Tuesday Blitz April 05 Early 2022"]
[White "Vovk, Orest"]
[Black "Baker, Chris W"]
[WhiteFideId "14113490"]
[BlackFideId "401676"]
[WhiteElo "2203"]
[BlackElo "2148"]
[Result "1-0"]
[Round "05"]
[TimeControl "180+1"]
[Date "2022.04.05"]
[WhiteClock "0:00:04"]
[BlackClock "0:00:11"]

1. h4 e5 2. h5 d5 3. h6 Nxh6 4. d4 exd4 5. Bxh6 gxh6 6. Qxd4 Rg8 7. Nc3 Be6 8. O-O-O Nc6 9. Qh4 Be7 10. Qa4 a6 11. e4 d4 12. Nf3 Qd7 13. Nxd4 Nxd4 14. Qxd7+ Bxd7 15. Rxd4 O-O-O 16. f4 Rg4 17. Ne2 Bc5 18. Rd3 Bb5 19. Rxd8+ Kxd8 20. Kd2 Bxe2 21. Bxe2 Rxf4 22. Rxh6 Rxe4 23. Rxh7 Ke7 24. Bf3 Rd4+ 25. Kc3 b6 26. a3 a5 27. Bh5 Rf4 28. Kb3 a4+ 29. Kc3 Bd4+ 30. Kb4 Bxb2+ 31. c4 Rf2 32. Kxa4 Bc1 33. g4 Rf4 34. Kb4 Kf8 35. Rh8+ Kg7 36. Rc8 Rf3 37. Rxc7 Bxa3+ 38. Kb5 Bc5 39. g5 Rf5 40. Ka6 Rxg5 41. Bxf7 Kh6 42. Bd5 Rg1 43. Kb7 Rb1 44. Kc6 Kg5 45. Rc8 Kf4 46. Rg8 Ke3 47. Rg7 Kd4 48. Rg3 Rb2 49. Rg4+ Kc3 50. Rg3+ Kb4 51. Rh3 Rb1 52. Bf7 Ra1 53. Bd5 Ra8 54. Kb7 Re8 55. Rh1 Re7+ 56. Kc6 Kc3 57. Rc1+ Kd4 58. Rf1 Rg7 59. Kb5 Rg6 60. Rd1+ Kc3 61. Rh1 Rf6 62. Rh3+ Kd4 63. Ka4 Rf2 64. Rh4+ Kc3 65. Kb5 Rb2+ 66. Ka6 Ra2+ 67. Kb7 Rb2 68. Kc6 Kb4 69. Rh3 Rb1 70. Be6 Rb2 71. Bc8 Rb1 72. Ba6 Rb2 73. Bb5 Rb1 74. Kc7 Rb2 75. Rh6 Rb1 76. Rh8 Rb2 77. Ra8 Kc3 78. Ra4 Rb4 79. Ra3+ Kd4 80. Rf3 Rxc4 81. Rf4+ Ke5 82. Rxc4 1-0


[Site "https://www.chess.com"]

[Event "Titled Tuesday Blitz April 05 Early 2022"]
[White "Weetik, Vjacheslav"]
[Black "Manukian, Artak"]
[WhiteFideId "4153472"]
[BlackFideId "13301373"]
[WhiteElo "2469"]
[BlackElo "2365"]
[Result "1-0"]
[Round "05"]
[TimeControl "180+1"]
[Date "2022.04.05"]
[WhiteClock "0:00:39"]
[BlackClock "0:00:55"]

1. d4 d5 2. c4 dxc4 3. Nf3 Nf6 4. e3 e6 5. Bxc4 c5 6. O-O Nc6 7. Nc3 a6 8. a3 b5 9. Ba2 cxd4 10. exd4 Be7 11. d5 exd5 12. Nxd5 O-O 13. Re1 Nxd5 14. Qxd5 Bb7 15. Qh5 h6 16. Bxh6 gxh6 17. Qg6+ Kh8 18. Qxh6+ Kg8 19. Re4 Bc8 20. Qg6+ Kh8 21. Qxc6 Bf5 22. Qh6+ Kg8 23. Re5 Qd7 24. Rae1 Rfe8 25. Ng5 Bf8 26. Bxf7+ Qxf7 27. Nxf7 Bxh6 28. Nxh6+ Kf8 29. Rxe8+ 1-0


[Site "https://www.chess.com"]

[Event "Titled Tuesday Blitz April 05 Early 2022"]
[White "Xu, Yi"]
[Black "Vokarev, Sergey"]
[WhiteFideId "8605564"]
[BlackFideId "4119711"]
[WhiteElo "2471"]
[BlackElo "2343"]
[Result "1/2-1/2"]
[Round "05"]
[TimeControl "180+1"]
[Date "2022.04.05"]
[WhiteClock "0:01:15"]
[BlackClock "0:01:50"]

1. e4 c5 2. Nf3 Nc6 3. Bb5 g6 4. O-O Bg7 5. Re1 Nf6 6. c3 O-O 7. h3 Qc7 8. d4 cxd4 9. cxd4 d5 10. e5 Ne4 11. Nbd2 Bf5 12. Nf1 Rac8 13. Ne3 Be6 14. Bd3 f6 15. exf6 exf6 16. Nxd5 Bxd5 17. Bxe4 Bxe4 18. Rxe4 Rcd8 19. Qb3+ Qf7 20. Qxf7+ Rxf7 21. Bf4 Rfd7 22. Rc1 f5 23. Re2 Nxd4 24. Nxd4 Bxd4 25. Be3 Bxe3 26. Rxe3 Rd1+ 27. Rxd1 Rxd1+ 28. Kh2 Rd2 29. Rb3 b6 30. Kg3 Kf7 31. Ra3 Rxb2 32. Rxa7+ Kf6 33. Rxh7 Rxa2 34. Rb7 Rb2 35. Kf3 Rb3+ 36. Ke2 Rb2+ 1/2-1/2


[Site "https://www.chess.com"]

[Event "Titled Tuesday Blitz April 05 Early 2022"]
[White "Zanette, Edgard Vinicius"]
[Black "Rottenwohrer Suarez, Juan"]
[WhiteFideId "2109263"]
[BlackFideId "32068182"]
[WhiteElo "2182"]
[BlackElo "2158"]
[Result "0-1"]
[Round "05"]
[TimeControl "180+1"]
[Date "2022.04.05"]
[WhiteClock "0:00:02"]
[BlackClock "0:00:05"]

1. e4 c5 2. Nc3 g6 3. g3 Bg7 4. Bg2 Nc6 5. Nge2 Nf6 6. O-O O-O 7. f4 Rb8 8. e5 Ne8 9. d3 d6 10. exd6 Nxd6 11. Nd5 Nf5 12. c3 Be6 13. Ne3 Qd7 14. Qc2 Rfd8 15. Nxf5 Bxf5 16. Be4 Bxe4 17. dxe4 Qd3 18. Qxd3 Rxd3 19. Kf2 b5 20. Be3 c4 21. Rfd1 b4 22. Nd4 Nxd4 23. cxd4 Rxd1 24. Rxd1 c3 25. Rc1 cxb2 26. Rb1 Rd8 27. Rxb2 Rxd4 28. e5 Rc4 29. Bxa7 f6 30. exf6 Bxf6 31. Re2 Kf7 32. Kg2 Rc3 33. Bb6 Ke8 34. h3 h5 35. Ba5 Rc4 36. Bb6 Kd7 37. Rd2+ Kc6 38. Bf2 Kb5 39. Re2 Ka4 40. Kf3 Rc1 41. g4 hxg4+ 42. hxg4 Ka3 43. g5 Bb2 44. Rxe7 Kxa2 45. Ra7+ Kb1 46. Ra6 b3 47. Rxg6 Rc3+ 48. Ke4 Bc1 49. Bd4 Rc4 50. Rb6 Kc2 51. Kd5 Rc8 52. g6 Bxf4 53. g7 Bc1 54. Rb7 b2 55. Bxb2 Bxb2 56. Kd6 Rg8 57. Rc7+ Kd2 58. Rf7 Bxg7 59. Ke6 Ke3 60. Kf5 Bd4 61. Rd7 Rf8+ 62. Ke6 Rf1 63. Kd5 Kd3 64. Re7 Rf5+ 65. Ke6 Ra5 66. Rd7 Kc4 67. Rd6 Rb5 68. Rc6+ Kd3 69. Rd6 Ke4 70. Rc6 Rh5 71. Rd6 Rh6+ 72. Kd7 Rh7+ 73. Kc6 Rh8 74. Rd7 Ke5 75. Re7+ Kf5 76. Rd7 Ke4 77. Re7+ Be5 78. Kd7 Rh1 79. Ke6 Rd1 80. Rd7 Rb1 81. Ke7 Rb6 82. Ra7 Kf5 83. Rd7 Rh6 84. Kf7 Rh7+ 85. Ke8 Rh8+ 86. Kf7 Rc8 87. Re7 Bd6 88. Rd7 Ke5 89. Rb7 Rf8+ 90. Kg7 Rf1 91. Rf7 Rg1+ 92. Kh6 Ke6 93. Rf3 Be5 94. Re3 Rh1+ 95. Kg6 Rg1+ 96. Kh5 Kf5 97. Rh3 Bf4 98. Rh4 Rg8 0-1


[Site "https://www.chess.com"]

[Event "Titled Tuesday Blitz April 05 Early 2022"]
[White "volunteers1998"]
[Black "Lehtosaari, Mauri"]
[BlackFideId "501999"]
[WhiteElo "2330"]
[BlackElo "2551"]
[Result "0-1"]
[Round "05"]
[TimeControl "180+1"]
[Date "2022.04.05"]
[WhiteClock "0:00:02"]
[BlackClock "0:00:13"]

1. e4 d5 2. exd5 Qxd5 3. Nc3 Qe5+ 4. Be2 c6 5. Nf3 Qc7 6. d4 Bf5 7. O-O e6 8. Re1 Nf6 9. Bg5 Be7 10. Ne5 Nbd7 11. Bd3 Bxd3 12. Qxd3 Rd8 13. Qg3 Nxe5 14. dxe5 Nd5 15. Bxe7 Nxe7 16. Rad1 O-O 17. Ne4 Rxd1 18. Rxd1 Nf5 19. Qc3 Qb6 20. Qb3 Qa5 21. f4 b6 22. g4 Ne7 23. Nd6 Qc5+ 24. Kg2 Nd5 25. Kf3 f6 26. c4 fxe5 27. cxd5 Rxf4+ 28. Kg2 Rf2+ 29. Kg3 Re2 30. Qf3 Re3 31. dxc6 Rxf3+ 32. Kxf3 Qxc6+ 33. Ne4 h6 34. h4 Qc2 35. Rd2 Qb1 36. a3 Qh1+ 37. Ke3 Qh3+ 38. Kf2 Qxh4+ 39. Kf3 Qh3+ 40. Ng3 Qh4 41. Re2 Qf6+ 42. Kg2 Qf4 43. Re4 Qd2+ 44. Re2 Qd5+ 45. Kh2 b5 46. Ne4 a5 47. Kg3 Qd3+ 48. Kf2 b4 49. g5 hxg5 50. Nxg5 Qf5+ 51. Nf3 e4 52. axb4 Qxf3+ 53. Ke1 axb4 0-1


[Site "https://www.chess.com"]

[Event "Titled Tuesday Blitz April 05 Early 2022"]
[White "Adewumi, Tanitoluwa"]
[Black "Gracia Alvarez, Gerardo Antonio"]
[WhiteFideId "30966396"]
[BlackFideId "5109124"]
[WhiteElo "2583"]
[BlackElo "2139"]
[Result "1-0"]
[Round "06"]
[TimeControl "180+1"]
[Date "2022.04.05"]
[WhiteClock "0:00:03"]
[BlackClock "0:00:03"]

1. e4 c5 2. Nf3 Nc6 3. c3 Nf6 4. e5 Nd5 5. d4 cxd4 6. cxd4 d6 7. exd6 Qxd6 8. Nc3 Bg4 9. Be2 e6 10. O-O Be7 11. h3 Bh5 12. Re1 O-O 13. Be3 Rfd8 14. Qd2 Rac8 15. Rac1 Nb6 16. Red1 Qb4 17. g4 Bg6 18. a3 Qb3 19. Nb5 a6 20. Nc3 Bf6 21. g5 Be7 22. Re1 Bh5 23. Bd1 Qc4 24. b3 Bxa3 25. bxc4 Nxc4 26. Qa2 Nb4 27. Qb3 Nd3 28. Be2 Bxc1 29. Rxc1 Nxc1 30. Bxc1 b5 31. Be3 Nd6 32. Ne5 Bxe2 33. Nxe2 Nf5 34. Nf4 Rd6 35. Nxf7 Kxf7 36. h4 Re8 37. h5 Nxd4 38. g6+ hxg6 39. Bxd4 Rxd4 40. hxg6+ Kg8 41. Qe3 Rd1+ 42. Kg2 Rd6 43. Qh3 Kf8 44. Qh8+ Ke7 45. Qxg7+ Kd8 46. Qf6+ Kd7 47. g7 e5 48. Qf7+ Re7 49. Qxe7+ Kxe7 50. g8=Q exf4 51. Qb8 Ke6 52. Kf3 Kd5 53. Kxf4 Rf6+ 54. Ke3 Re6+ 55. Kd3 Rd6 56. f4 Ke6+ 57. Ke3 Rc6 58. Qe8+ Kd5 59. Qe4+ Kc5 60. Qd4# 1-0


[Site "https://www.chess.com"]

[Event "Titled Tuesday Blitz April 05 Early 2022"]
[White "Aldokhin, Ivan"]
[Black "Pesotskiy, Mikhail"]
[WhiteFideId "24115720"]
[BlackFideId "34164453"]
[WhiteElo "2231"]
[BlackElo "2010"]
[Result "1-0"]
[Round "06"]
[TimeControl "180+1"]
[Date "2022.04.05"]
[WhiteClock "0:01:05"]
[BlackClock "0:01:11"]

1. e4 e6 2. d4 d5 3. Nc3 Bb4 4. Ne2 dxe4 5. a3 Be7 6. Nxe4 Nd7 7. N2g3 Ngf6 8. Nxf6+ Nxf6 9. Bd3 c5 10. dxc5 Bxc5 11. Qe2 Bd7 12. Bg5 Qb6 13. O-O Rc8 14. Nf5 Bf8 15. Rfe1 h6 16. Bf4 Nd5 17. Be5 f6 18. Bd4 Qc7 19. Qh5+ Kd8 20. Qf7 Nf4 21. Nxg7 1-0


[Site "https://www.chess.com"]

[Event "Titled Tuesday Blitz April 05 Early 2022"]
[White "Alinasab, Mobina"]
[Black "Manolache, Marius"]
[WhiteFideId "12528897"]
[BlackFideId "1201530"]
[WhiteElo "2031"]
[BlackElo "2364"]
[Result "1-0"]
[Round "06"]
[TimeControl "180+1"]
[Date "2022.04.05"]
[WhiteClock "0:00:16"]
[BlackClock "0:00:03"]

1. e4 c5 2. Nf3 e6 3. d4 cxd4 4. Nxd4 a6 5. c4 Nf6 6. Nc3 Qc7 7. Be2 h5 8. Be3 b6 9. O-O Bb7 10. f3 d6 11. Qd2 Nbd7 12. Rfc1 Be7 13. a4 Rc8 14. a5 bxa5 15. Nb3 Rb8 16. Nxa5 Bc8 17. b4 O-O 18. b5 Nc5 19. Na4 Nxa4 20. Rxa4 Bd7 21. Raa1 Rfc8 22. bxa6 Ra8 23. Nb7 Bc6 24. Rcb1 Nd7 25. Qa5 Bxb7 26. Rxb7 Qxa5 27. Rxa5 Bd8 28. Ra2 Nc5 29. Bxc5 Rxc5 30. a7 Rcc8 31. Ra6 Kf8 32. c5 Rxc5 33. Rb8 Rxa7 34. Rxa7 1-0


[Site "https://www.chess.com"]

[Event "Titled Tuesday Blitz April 05 Early 2022"]
[White "Antonio, Jorge Carlos"]
[Black "Dilmukhametov, Artur"]
[WhiteFideId "113190"]
[BlackFideId "24179922"]
[WhiteElo "2247"]
[BlackElo "2244"]
[Result "1-0"]
[Round "06"]
[TimeControl "180+1"]
[Date "2022.04.05"]
[WhiteClock "0:01:12"]
[BlackClock "0:01:19"]

1. e4 e6 2. f4 d5 3. e5 Nc6 4. Nf3 Bc5 5. d4 Bb6 6. c3 Nce7 7. b4 a5 8. b5 c6 9. Ba3 Bd7 10. bxc6 bxc6 11. Nbd2 Rc8 12. Ba6 Rc7 13. Nb3 Nh6 14. Nc5 Bxc5 15. Bxc5 O-O 16. O-O f6 17. Rb1 fxe5 18. fxe5 Nhf5 19. Qd2 Rf7 20. Ng5 Rf8 21. Bb6 h6 22. Bxc7 Qxc7 23. Nh3 g5 24. Nxg5 hxg5 25. Qxg5+ Ng7 26. Rxf8+ Kxf8 27. Qf6+ Kg8 28. Qxe7 Nf5 29. Qg5+ Kf8 30. Rb7 Qc8 31. Qf6+ Ke8 32. Qh8+ Ke7 33. Qh7+ Kf8 34. Qxd7 Qxd7 35. Rxd7 Ne3 36. c4 dxc4 37. Rd6 c3 38. Bd3 c2 39. Rxc6 c1=Q+ 40. Rxc1 1-0


[Site "https://www.chess.com"]